 Dungeon Crawl Stone Soup version 0.30-a0-149-g7f746667c4 (webtiles) character file.

Game seed: 1606446729757216956

21 Darkkill the Shooter (level 2, 0/31 HPs)
             Began as a Demonspawn Wanderer on Sept 26, 2022.
             Succumbed to an adder's poison
             ... on level 2 of the Dungeon.
             The game lasted 00:03:45 (898 turns).

Darkkill the Shooter (Demonspawn Wanderer)           Turns: 898, Time: 00:03:46

Health: 0/31       AC:  7    Str: 13    XL:     2   Next: 65%
Magic:  5/5        EV:  9    Int:  9    God:
Gold:   36         SH:  0    Dex: 15    Spells: 5/5 levels left

rFire   . . .      SeeInvis .    e - +0 hand axe
rCold   . . .      Faith    .    (no shield)
rNeg    . . .      Spirit   .    c - +0 scale mail
rPois   .          Reflect  .    (no helmet)
rElec   .          Harm     .    (no cloak)
rCorr   .          Rampage  .    (no gloves)
Will    .....                    (no boots)
Stlth   ..........               (no amulet)
HPRegen 0.10/turn                (no ring)
MPRegen 0.09/turn                (no ring)

@: berserking, lethally poisoned (0 -> -8), very quick
A: rugged brown scales 1
a: no special abilities


You were on level 2 of the Dungeon.
You visited 1 branch of the dungeon, and saw 2 of its levels.

You collected 36 gold pieces.

Inventory:

Hand Weapons
 a - a +2 sling
 b - a +0 short sword
 e - a +0 hand axe (weapon)
Armour
 c - a +0 scale mail (worn)
Scrolls
 f - a scroll of identify


   Skills:
 + Level 1.1 Fighting
 + Level 1.0 Short Blades
 + Level 0.1 Axes
 + Level 2.4 Ranged Weapons
 + Level 1.3 Armour
 + Level 1.0 Dodging
 + Level 1.3 Stealth
 + Level 2.0 Spellcasting
 + Level 1.0 Evocations


You had 5 spell levels left.
You didn't know any spells.
Your spell library contained the following spells:

 Spells                   Type           Power      Damage    Failure   Level
 Cigotuvi's Dreadful Rot  Necr/Pois/Air  0%         N/A       93%         2
 Poisonous Vapours        Pois/Air       0%         N/A       93%         2


Dungeon Overview and Level Annotations

Branches:
Dungeon (1/15)

Altars:


Innate Abilities, Weirdness & Mutations

You are partially covered in rugged brown scales. (AC +1, +3% HP)


Message History

The adder closely misses you.
You hit the kobold.
You kill the kobold!
You closely miss the adder. You hit the adder but do no damage.
The adder bites you but does no damage. x2; The adder closely misses you.
The adder bites you.
You are poisoned.
The adder poisons you! The adder bites you but does no damage.
Things that are here:
a +0 whip; a kobold corpse You hit the adder but do no damage.
You closely miss the adder.
You feel sick. The adder bites you but does no damage.
The adder barely misses you. The adder bites you but does no damage.
You hit the adder.
The adder is moderately wounded.
You closely miss the adder.
You feel sick. The adder closely misses you. x2
The adder barely misses you. The adder bites you but does no damage.
You hit the adder.
The adder is heavily wounded.
You hit the adder but do no damage.
You feel sick.
You are no longer poisoned.
The adder closely misses you. The adder bites you.
You barely miss the adder.
The adder is moderately wounded.
You hit the adder. The adder bites you but does no damage. The adder bites you.
* * * LOW HITPOINT WARNING * * *
You are lethally poisoned!
The adder poisons you! The adder barely misses you. x2
* * * LOW HITPOINT WARNING * * *
You feel sick.
The adder bites you but does no damage. x2
* * * LOW HITPOINT WARNING * * *
You feel sick. The adder bites you but does no damage. The adder bites you.
* * * LOW HITPOINT WARNING * * *
The adder bites you.
* * * LOW HITPOINT WARNING * * *
You are more poisoned.
The adder poisons you!
A red film seems to cover your vision as you go berserk!
You feel yourself moving faster!
You feel mighty!
You die...

... .... .. ...
######......
#.....#.#.. #
........#.# .
.......... .###.
..........##.....
.........@...#
........SS..##
.........).##
.........###
#.......#
####..#.# #..#..#
#..##.## #..###.#


You could see 2 adders.

Vanquished Creatures
  A dart slug (D:1)
  A giant cockroach (D:1)
  A goblin (D:1)
  4 hobgoblins (D:1)
  A quokka (D:1)
  5 bats (D:1)
  2 frilled lizards (D:1)
  3 kobolds
  A rat (D:1)
19 creatures vanquished.

Notes
Turn   | Place    | Note
-------+----------+-------------------------------------------
     0 | D:1      | Darkkill the Demonspawn Wanderer began the quest for the
                  | Orb.
     0 | D:1      | Darkkill set off with the following items: a +2 sling, a +0
                  | short sword, a +0 scale mail, a potion of berserk rage.
     0 | D:1      | Reached XP level 1. HP: 15/15 MP: 3/3
   330 | D:1      | Gained mutation: You are partially covered in rugged brown
                  | scales. (AC +1, +3% HP) [demonic ancestry]
   330 | D:1      | Reached XP level 2. HP: 12/21 MP: 5/5
   876 | D:1      | You fall into a shaft and drop 1 floor!
   897 | D:2      | HP: 1/21 [adder (1)]
   898 | D:2      | Succumbed to an adder's poison

Illustrated notes

Levels and vault maps discovered:
D:1:      roderic_octagonal_star, layout_loops_corners,
          chequers_ecumenical_altar_grove, hangedman_abyss_or_decor_stabs
D:2:      layout_rooms, basic_altar

Skill      XL: |  1 |
---------------+----+-----
Ranged Weapons | 2 |  2.4
Fighting       | |  1.1
Short Blades   | |  1.0
Axes           | |  0.1
Armour         | |  1.3
Dodging        | |  1.0
Stealth        | |  1.3
Spellcasting   | |  2.0
Evocations     | |  1.0

Action                   || total
-------------------------++-------
Melee: Hand axe          ||    64
 Fire: Sling             ||    11
  Use: Scroll            ||     5
       Potion            ||     1
Armor: Scale mail        ||    75
Dodge: Dodged            ||    67

Table legend: (Time is in decaauts)
 A = Elapsed time spent in this place.
 B = Non-inter-level travel time spent in this place.
 C = Inter-level travel time spent in this place.
 D = Time resting spent in this place.
 E = Time spent auto-exploring this place.
 F = Levels seen in this place.
 G = Mean time per level.
                   A        B        C        D        E       F      G
               +--------+--------+--------+--------+--------+-----+--------+
         Total |    922 |    913 |      9 |    229 |      0 |   2 |  461.0 |
       Dungeon |    922 |    913 |      9 |    229 |      0 |   2 |  461.0 |
               +--------+--------+--------+--------+--------+-----+--------+

Top non-repeatable levels by time:
     D:1: 898 daAuts
     D:2: 24 daAuts
